 Dungeon Crawl Stone Soup version 0.28.0 (webtiles) character file.

Game seed: 17755014912200886629

2524 Renzlar the Shield-Bearer (level 9, -1/74 HPs)
             Began as a Gnoll Fighter on Feb 16, 2022.
             Was an Initiate of Okawaru.
             Slain by an eight-headed hydra (2 damage)
             ... on level 6 of the Dungeon.
             The game lasted 00:25:16 (6414 turns).

Renzlar the Shield-Bearer (Gnoll Fighter)           Turns: 6414, Time: 00:25:17

Health: -1/74      AC: 19    Str: 18    XL:     9   Next: 54%
Magic:  15/15      EV:  9    Int:  9    God:    Okawaru [......]
Gold:   160        SH:  7    Dex: 16    Spells: 16/16 levels left

rFire   . . .      SeeInvis +   a - +14 obsidian axe {vorpal, Mesm Drain Fly SInv}
rCold   . . .      Faith    .   c - +1 buckler
rNeg    . . .      Spirit   .   w - +7 chain mail "Petix" {+Blink rPois Dex+4}
rPois   +          Reflect  .   (no helmet)
rElec   .          Harm     .   l - +0 cloak
rCorr   .          Rampage  .   (no gloves)
Will    .....                   (no boots)
Stlth   ..........              (no amulet)
HPRegen 0.22/turn               (no ring)
MPRegen 0.14/turn               (no ring)

@: lethally poisoned (-1 -> -5), flying, mesmerised
A: fangs 1, strong nose, distributed training
a: Renounce Religion, Evoke Blink


You were on level 6 of the Dungeon.
You worshipped Okawaru.
Okawaru was noncommittal.
You visited 2 branches of the dungeon, and saw 8 of its levels.
You also visited: Sewer.

You collected 1085 gold pieces.
You spent 925 gold pieces at shops.

Inventory:

Hand Weapons
 a - the +14 obsidian axe (weapon) {vorpal, Mesm Drain Fly SInv}
   (You acquired it on level 1 of the Dungeon)

   It inflicts extra damage upon your enemies.
   It occasionally summons demons to assist the wielder when it strikes in
   combat.
   Its wielder is mesmerised by any visible foes.
   It cannot be unequipped while any foes are visible.
   SInv:      It lets you see invisible.
   Fly:       It grants you flight.
   Drain:     It drains your maximum health when unequipped.
 e - a +1 broad axe of flaming
 h - a +1 dagger of electrocution
 o - the +11 great sword "Sebryane" {holy, Int+4 Dex+4}
   (You found it on level 5 of the Dungeon)

   It has been blessed by the Shining One to cause great damage to the undead
   and demons.
   Int:       It affects your intelligence (+4).
   Dex:       It affects your dexterity (+4).
Missiles
 f - 15 poisoned darts
 g - 125 stones (quivered)
 s - 26 sling bullets
Armour
 c - a +1 buckler (worn)
 l - a +0 cloak (worn)
 w - the +7 chain mail "Petix" (worn) {+Blink rPois Dex+4}
   (You bought it in a shop on level 1 of the Dungeon)

   Dex:       It affects your dexterity (+4).
   rPois:     It protects you from poison.
   +Blink:    It lets you blink.
Jewellery
 j - a ring of flight
Wands
 m - a wand of flame (7)
 q - a wand of iceblast (24)
 t - a wand of digging (6)
Scrolls
 b - a scroll of magic mapping
 k - 2 scrolls of amnesia
 n - 3 scrolls of enchant weapon
 r - 3 scrolls of teleportation
 u - a scroll of enchant armour
Potions
 d - 3 potions of might
 i - 2 potions of curing


   Skills:
 + Level 7.9 Fighting
 + Level 4.3 Short Blades
 + Level 4.3 Long Blades
 + Level 6.4 Axes
 + Level 4.3 Maces & Flails
 + Level 4.3 Polearms
 + Level 4.3 Staves
 + Level 4.3 Slings
 + Level 4.3 Bows
 + Level 4.3 Crossbows
 + Level 4.3 Throwing
 + Level 7.9 Armour
 + Level 4.3 Dodging
 + Level 4.3 Stealth
 + Level 7.9 Shields
 + Level 4.3 Unarmed Combat
 + Level 4.3 Spellcasting
 + Level 3.6 Conjurations
 + Level 3.6 Hexes
 + Level 3.6 Summonings
 + Level 3.6 Necromancy
 + Level 3.6 Translocations
 + Level 3.6 Transmutations
 + Level 3.6 Fire Magic
 + Level 3.6 Ice Magic
 + Level 3.6 Air Magic
 + Level 3.6 Earth Magic
 + Level 3.6 Poison Magic
 + Level 4.8 Invocations
 + Level 4.3 Evocations


You had 16 spell levels left.
You didn't know any spells.
Your spell library contained the following spells:

 Spells                   Type           Power      Damage    Failure   Level
 Foxfire                  Conj/Fire      32%        2x1d5     58%         1
 Magic Dart               Conj           32%        1d4       58%         1
 Slow                     Hex            32%        N/A       58%         1
 Sting                    Tmut/Pois      32%        1d4       58%         1
 Corpse Rot               Necr/Air       16%        N/A       73%         2
 Poisonous Vapours        Pois/Air       16%        N/A       73%         2
 Searing Ray              Conj           16%        2d5       73%         2
 Confusing Touch          Hex            8%         N/A       91%         3
 Conjure Flame            Conj/Fire      8%         6-21      91%         3
 Ignite Poison            Fire/Tmut/Pois 8%         N/A       91%         3
 Inner Flame              Hex/Fire       8%         N/A       91%         3
 Portal Projectile        Hex/Tloc       16%        N/A       91%         3
 Vampiric Draining        Necr           8%         2d6       91%         3
 Flame Wave               Conj/Fire      8%         2d5       100%        4
 Fulminant Prism          Conj/Hex       4%         3d6       100%        4
 Leda's Liquefaction      Hex/Erth       4%         N/A       100%        4
 Olgreb's Toxic Radiance  Pois           8%         N/A       100%        4
 Sticky Flame             Conj/Fire      8%         2d3       100%        4
 Call Canine Familiar     Summ           Unusable   N/A       N/A         3

Dungeon Overview and Level Annotations

Branches:
Dungeon (7/15)             Temple (1/1) D:7           Sewer (visited)

Altars:
Ashenzari
Cheibriados
Dithmenos
Elyvilon
Fedhas
Gozag
Hepliaklqana
Kikubaaqudgha
Makhleb
Nemelex Xobeh
Okawaru
Qazlal
Ru
Sif Muna
Trog
Uskayaw
Vehumet
Wu Jian
Xom
Yredelemnul
Zin
The Shining One

Shops:
D:1 [::(

Annotations:
D:6 1 transporter, Haof's ghost, novice MiFi


Innate Abilities, Weirdness & Mutations

You have very sharp teeth.
Your uncanny sense of smell can sniff out nearby items.
Your experience applies equally to all skills.


Message History

You hit Haof's ghost. You slash the hornet zombie! You barely miss the hornet.
Visions of slaying the hornet flood into your mind.
You feel yourself speed up.
You feel very sick.
The hornet stings you but does no damage.
The hornet zombie closely misses you. Haof's ghost barely misses you.
The eight-headed hydra barely misses you.
You block the eight-headed hydra's attack.
The eight-headed hydra bites you.
The eight-headed hydra bites you but does no damage.
You block the eight-headed hydra's attack.
The eight-headed hydra bites you but does no damage.
The eight-headed hydra bites you.
The eight-headed hydra barely misses you.
The hornet stings you but does no damage.
The hornet zombie hits you but does no damage.
Haof's ghost hits you. The hornet stings you!
* * * LOW HITPOINT WARNING * * *
The eight-headed hydra closely misses you.
The eight-headed hydra bites you but does no damage. x3
You block the eight-headed hydra's attack.
The eight-headed hydra barely misses you. x2
The eight-headed hydra bites you but does no damage.
The hornet zombie barely misses you.
Unknown command.
You completely miss the hornet.
The hornet is heavily wounded.
You barely miss the eight-headed hydra. You hit Haof's ghost.
You slash the hornet zombie!
Visions of slaying the eight-headed hydra flood into your mind.
You feel sick. You block the hornet's attack.
Haof's ghost hits you but does no damage.
The eight-headed hydra bites you but does no damage. x2
You block the eight-headed hydra's attack. x2
The eight-headed hydra bites you!
* * * LOW HITPOINT WARNING * * *
You block the eight-headed hydra's attack.
The eight-headed hydra closely misses you.
The eight-headed hydra bites you.
You die...

#.# #.####........##........
#.########.............##........
..##............©..........#####.
..##+####...#########......#[.[#.
...........##8./($.8##......).)..
...[.......#........©#.....#..?#.
...........#y#.....#.#.....#####.
.###+####..#..#...#..#...........
.....# #..#....@Z...#...........
###### #..#..#yDW#..#.......###.
#..#.#..l..#.#..#........
#..#.........#..#..#^####
#..##8.....8##..#.....?.#
#########...#########...#.#..#..#
........'.......©.......#.#.<#.##
+########..............##.#.>#.##
....# #.........########.##.#.##


You could see an eight-headed hydra (mesmerising), a hornet, an iguana, Haof's
ghost and a hornet zombie.

Vanquished Creatures
  Maggie (D:7)
  A yak (D:6)
  Eustachio (D:5)
  A steam dragon (D:5)
  Menkaure (D:5)
  An ogre (D:5)
  A phantom (D:5)
  A kobold brigand (D:6)
  A water moccasin zombie (D:5)
  2 scorpions
  2 wights (D:6)
  3 hounds
  A gnoll shaman (D:5)
  Crazy Yiuf (D:2)
  An orc priest (D:5)
  Jessica (D:2)
  2 orc wizards (D:7)
  6 iguanas
  A merfolk avatar (Sewer)
  A merfolk siren (Sewer)
  3 gnolls (D:6)
  A river rat (Sewer)
  8 adders
  A howler monkey skeleton (D:4)
  A white imp (D:5)
  2 worms (D:2)
  A dart slug (D:4)
  12 orcs
  2 endoplasms
  6 giant cockroaches
  2 goblins (D:1)
  7 hobgoblins
  14 kobolds
  13 quokkas
  9 ball pythons
  10 bats
  5 frilled lizards
  20 rats
147 creatures vanquished.

Vanquished Creatures (collateral kills)
  2 yaks (D:6)
  A necrophage (D:5)
  2 wights (D:6)
  An orc wizard (D:7)
  An adder (D:5)
  4 gnolls (D:5)
  A river rat (Sewer)
  An ufetubus (D:4)
  An orc (D:5)
  3 ball pythons
  An endoplasm (D:3)
  2 frilled lizards
  2 goblins
  5 rats (Sewer)
27 creatures vanquished.

Grand Total: 174 creatures vanquished

Notes
Turn   | Place    | Note
-------+----------+-------------------------------------------
     0 | D:1      | Renzlar the Gnoll Fighter began the quest for the Orb.
     0 | D:1      | Reached XP level 1. HP: 23/23 MP: 1/1
   108 | D:1      | Found Houkion's Weapon Shoppe.
   204 | D:1      | Reached XP level 2. HP: 29/29 MP: 2/2
   502 | D:1      | Found Ydwonkas's Armour Boutique.
   679 | D:1      | Found Dood's Book Shop.
   904 | D:1      | Found Jiedose's Book Boutique.
  1038 | D:1      | Identified a scroll of acquirement
  1038 | D:1      | Acquired the +14 obsidian axe {vorpal, Mesm Drain Fly SInv}
  1038 | D:1      | Found the +14 obsidian axe {vorpal, Mesm Drain Fly SInv}
  1160 | D:2      | Found a runed translucent door.
  1161 | D:2      | Noticed Crazy Yiuf
  1166 | D:2      | Killed Crazy Yiuf
  1167 | D:2      | Reached skill level 1 in Invocations
  1167 | D:2      | Reached XP level 3. HP: 35/35 MP: 2/4
  1223 | D:2      | Reached skill level 1 in Short Blades
  1223 | D:2      | Reached skill level 1 in Long Blades
  1223 | D:2      | Reached skill level 1 in Maces & Flails
  1223 | D:2      | Reached skill level 1 in Polearms
  1223 | D:2      | Reached skill level 1 in Staves
  1223 | D:2      | Reached skill level 1 in Slings
  1223 | D:2      | Reached skill level 1 in Bows
  1223 | D:2      | Reached skill level 1 in Crossbows
  1223 | D:2      | Reached skill level 1 in Throwing
  1223 | D:2      | Reached skill level 1 in Dodging
  1223 | D:2      | Reached skill level 1 in Stealth
  1223 | D:2      | Reached skill level 1 in Unarmed Combat
  1223 | D:2      | Reached skill level 1 in Spellcasting
  1223 | D:2      | Reached skill level 1 in Evocations
  1247 | D:2      | Found a faded altar of an unknown god.
  1250 | D:2      | Noticed Jessica
  1254 | D:2      | Killed Jessica
  1255 | D:2      | Reached XP level 4. HP: 41/41 MP: 5/5
  1289 | D:2      | Reached skill level 1 in Conjurations
  1289 | D:2      | Reached skill level 1 in Hexes
  1289 | D:2      | Reached skill level 1 in Summonings
  1289 | D:2      | Reached skill level 1 in Necromancy
  1289 | D:2      | Reached skill level 1 in Translocations
  1289 | D:2      | Reached skill level 1 in Transmutations
  1289 | D:2      | Reached skill level 1 in Fire Magic
  1289 | D:2      | Reached skill level 1 in Ice Magic
  1289 | D:2      | Reached skill level 1 in Air Magic
  1289 | D:2      | Reached skill level 1 in Earth Magic
  1289 | D:2      | Reached skill level 1 in Poison Magic
  1711 | D:2      | Identified the +1 robe of Oxyckaso {rPois rC++ Str+3 Int-4}
  2240 | D:3      | Reached XP level 5. HP: 47/47 MP: 6/6
  2484 | D:4      | Found a white marble altar of Elyvilon.
  2825 | D:4      | Reached XP level 6. HP: 53/53 MP: 8/8
  2856 | D:4      | Found a glowing drain.
  2869 | Sewer    | Entered a sewer
  3035 | Sewer    | Reached skill level 5 in Axes
  3180 | D:4      | Acquired 616 gold pieces
  3827 | D:5      | Entered Level 5 of the Dungeon
  3835 | D:5      | Reached XP level 7. HP: 55/60 MP: 10/10
  3931 | D:5      | Noticed a steam dragon
  3936 | D:5      | Killed a steam dragon
  4054 | D:5      | Noticed Eustachio
  4062 | D:5      | Killed Eustachio
  4063 | D:5      | Reached XP level 8. HP: 67/67 MP: 12/12
  4232 | D:5      | Identified the +11 great sword "Sebryane" {holy, Int+4
                  | Dex+4}
  4435 | D:1      | Bought the +7 chain mail "Petix" {+Blink rPois Dex+4} for
                  | 925 gold pieces
  4648 | D:5      | Noticed Menkaure
  4653 | D:5      | Killed Menkaure
  5152 | D:6      | Found a transporter.
  5152 | D:6      | Noticed Haof's ghost (novice MiFi)
  5153 | D:6      | Noticed a hornet
  5153 | D:6      | Noticed a six-headed hydra
  5168 | D:6      | Noticed a smoke demon
  5344 | D:6      | Found a transporter.
  5879 | D:6      | Noticed a yak
  5883 | D:6      | Noticed a yak
  5884 | D:6      | Noticed a yak
  5886 | D:6      | Killed a yak
  5887 | D:6      | Reached XP level 9. HP: 73/73 MP: 14/14
  6050 | D:7      | Noticed Maggie
  6066 | D:7      | Killed Maggie
  6193 | D:7      | Found a staircase to the Ecumenical Temple.
  6208 | Temple   | Entered the Ecumenical Temple
  6329 | Temple   | Became a worshipper of Warmaster Okawaru
  6414 | D:6      | HP: 1/74 [eight-headed hydra (9)]
  6414 | D:6      | Slain by an eight-headed hydra

Illustrated notes

Levels and vault maps discovered:
D:1:      denvon_arrival_waterhouse, layout_basic, serial_shops,
          nicolae_shop_bloodbath_and_beyond, shop, shop, shop, serial_curves,
          eino_curves_03, eino_curves_02
D:2:      layout_loops_ring, ebering_ecumenical_altar_webs,
          uniq_crazy_yiuf_cottage, uniq_jessica
D:3:      layout_loops_ring, serial_bayou_pond_e, hex_large
D:4:      layout_loops_corners, mainiacjoe_overflow_paths, gup_sewer_entry_pipe,
          minivault_11, corexii_checkpoint_a
D:5:      layout_gridville, uniq_eustachio, uniq_menkaure
D:6:      layout_basic, gammafunk_ghost_arena, due_unseen_surprise
D:7:      layout_rooms, minmay_temple_entry_stoned_glass,
          gammafunk_ghost_cemetery, minmay_misc_feat_iff, guppyfry_shop_venom,
          uniq_maggie
Temple:   kilobyte_greek_temple

Skill      XL: |  1  2  3  4  5  6  7  8  9 |
---------------+----------------------------+-----
Invocations    | 1 2 3 4 |  4.8
Short Blades   | 1 2 3 4 |  4.3
Long Blades    | 1 2 3 4 |  4.3
Maces & Flails | 1 2 3 4 |  4.3
Polearms       | 1 2 3 4 |  4.3
Staves         | 1 2 3 4 |  4.3
Slings         | 1 2 3 4 |  4.3
Bows           | 1 2 3 4 |  4.3
Crossbows      | 1 2 3 4 |  4.3
Throwing       | 1 2 3 4 |  4.3
Dodging        | 1 2 3 4 |  4.3
Stealth        | 1 2 3 4 |  4.3
Unarmed Combat | 1 2 3 4 |  4.3
Spellcasting   | 1 2 3 4 |  4.3
Evocations     | 1 2 3 4 |  4.3
Conjurations   | 1 2 3 |  3.6
Hexes          | 1 2 3 |  3.6
Summonings     | 1 2 3 |  3.6
Necromancy     | 1 2 3 |  3.6
Translocations | 1 2 3 |  3.6
Transmutations | 1 2 3 |  3.6
Fire Magic     | 1 2 3 |  3.6
Ice Magic      | 1 2 3 |  3.6
Air Magic      | 1 2 3 |  3.6
Earth Magic    | 1 2 3 |  3.6
Poison Magic   | 1 2 3 |  3.6
Axes           | 5 6 |  6.4
Fighting       | 7 |  7.9
Armour         | 7 |  7.9
Shields        | 7 |  7.9

Action                   |  1- 3 |  4- 6 |  7- 9 || total
-------------------------+-------+-------+-------++-------
Melee: War axe           |    65 |       |       ||    65
       Bite              |     3 |     4 |     8 ||    15
       Broad axe         |     7 |   103 |    89 ||   199
Evoke: Wand              |       |       |     1 ||     1
  Use: Scroll            |     1 |     8 |     9 ||    18
Armor: Scale mail        |    43 |    24 |     5 ||    72
       Chain mail        |       |       |    49 ||    49
Dodge: Dodged            |    36 |    29 |    41 ||   106
Block: Buckler           |    22 |    22 |    27 ||    71
